[ AOE2 MATCH · #458759033 ]
UnrankedEthiopians vs Berbers
[ REPLAY ANALYSIS · EXTRACTED FROM THE RECORDED GAME ]
Feudal
12:15
Castle
17:35
Imperial
33:07
| APM avg | 31.0 |
| APM peak | 68 |
| eAPM avg | 15.3 |
| Villagers / military | 134 / 92 |
Focus
⚔️ 25.4% · 🌾 74.6%
Archer ×40 · Spearman ×24 · Fishing Ship ×13 · Bombard Cannon ×9 · Trebuchet (Packed) ×8 · Demolition Raft ×7
Feudal
13:31
Castle
23:12
Imperial
36:13
| APM avg | 23.2 |
| APM peak | 50 |
| eAPM avg | 17.3 |
| Villagers / military | 142 / 257 |
Focus
⚔️ 32.2% · 🌾 67.8%
Knight ×96 · Scout Cavalry ×95 · Camel Archer ×43 · Fishing Ship ×27 · Battering Ram ×12 · Trebuchet (Packed) ×10
Feudal
13:57
Castle
20:23
Imperial
37:21
| APM avg | 26.8 |
| APM peak | 63 |
| eAPM avg | 20.1 |
| Villagers / military | 130 / 340 |
Focus
⚔️ 39.9% · 🌾 60.1%
Spearman ×127 · Skirmisher ×105 · Hand Cannoneer ×89 · Hussite Wagon ×13 · Trebuchet (Packed) ×4 · Fishing Ship ×3
Feudal
11:36
Castle
15:45
Imperial
37:18
| APM avg | 25.6 |
| APM peak | 132 |
| eAPM avg | 17.6 |
| Villagers / military | 128 / 97 |
Focus
⚔️ 24.3% · 🌾 75.7%
Elephant Archer ×70 · Armored Elephant ×15 · Trade Cart ×14 · Monk ×6 · Spearman ×3 · Mangonel ×2
Feudal
12:54
Castle
16:35
Imperial
33:18
| APM avg | 21.8 |
| APM peak | 50 |
| eAPM avg | 16.0 |
| Villagers / military | 171 / 120 |
Focus
⚔️ 25.2% · 🌾 74.8%
Genitour ×56 · Mangonel ×20 · Skirmisher ×11 · Knight ×10 · Bombard Cannon ×9 · Fishing Ship ×6
Feudal
11:57
Castle
20:35
Imperial
38:54
| APM avg | 22.3 |
| APM peak | 50 |
| eAPM avg | 16.6 |
| Villagers / military | 152 / 86 |
Focus
⚔️ 21.0% · 🌾 79.0%
Scorpion ×61 · Scout Cavalry ×8 · Militia ×4 · Mangonel ×4 · Archer ×3 · Monk ×2
Match map
Initial resources + every placement click. Lines = walls · curves = elevation contours. ◆ gold · ⬟ stone · ● berries · ✦ relic · ◌ wall gap
Your base· ✓ Closed at 17:35 · 22t walls · no gate
DonkeyShot's base· ✓ Closed at 23:12 · 24t walls · no gate
opennetus's base· ✓ Closed at 20:23 · 24t walls · no gate
Aurelian's base· ✓ Closed at 15:45 · 7t walls · no gate
Mr.Kos's base· ✓ Closed at 16:35 · 27t walls · no gate
12014665's base· ✓ Closed at 20:35 · 13t walls · 1 gate(s)
Smoothed initial terrain · ◌ = detected wall gap · hover for details
Inputs per minute
— [RöBïN] - - DonkeyShot
Build order — [RöBïN]
First 150 of 343 actions detected
| 0:00 | Create | Villager (Male) |
| 0:01 | Create | Villager (Male) |
| 0:01 | Create | Villager (Male) |
| 0:01 | Create | Villager (Male) |
| 0:03 | Build | House |
| 0:05 | Build | House |
| 1:21 | Research | Loom |
| 1:25 | Create | Villager (Male) |
| 1:53 | Build | Palisade Wall |
| 1:55 | Create | Villager (Male) |
| 1:55 | Create | Villager (Male) |
| 2:28 | Build | Palisade Wall |
| 2:45 | Create | Villager (Male) |
| 2:45 | Create | Villager (Male) |
| 3:02 | Create | Villager (Male) |
| 3:02 | Create | Villager (Male) |
| 3:13 | Create | Villager (Male) |
| 3:14 | Create | Villager (Male) |
| 3:23 | Build | Palisade Wall |
| 3:37 | Build | Lumber Camp |
| 3:49 | Build | House |
| 3:53 | Create | Villager (Male) |
| 4:20 | Create | Villager (Male) |
| 4:39 | Build | House |
| 5:05 | Create | Villager (Male) |
| 5:05 | Create | Villager (Male) |
| 5:23 | Create | Villager (Male) |
| 5:23 | Create | Villager (Male) |
| 5:49 | Create | Villager (Male) |
| 5:49 | Create | Villager (Male) |
| 6:40 | Create | Villager (Male) |
| 6:41 | Create | Villager (Male) |
| 6:41 | Create | Villager (Male) |
| 7:10 | Create | Villager (Male) |
| 7:10 | Create | Villager (Male) |
| 7:19 | Build | Dock |
| 7:42 | Create | Villager (Male) |
| 7:42 | Create | Villager (Male) |
| 7:59 | Create | Villager (Male) |
| 8:00 | Create | Villager (Male) |
| 8:05 | Build | House |
| 8:12 | Create | Fishing Ship |
| 8:13 | Create | Fishing Ship |
| 8:32 | Create | Fishing Ship |
| 8:43 | Build | House |
| 9:35 | Create | Fishing Ship |
| 9:48 | Research | Feudal Age |
| 9:48 | Research | Feudal Age |
| 9:55 | Build | Mill |
| 10:12 | Build | Mining Camp |
| 11:04 | Build | House |
| 11:19 | Build | Mining Camp |
| 11:29 | Create | Fishing Ship |
| 11:30 | Create | Fishing Ship |
| 11:42 | Build | Mill |
| 11:47 | Create | Villager (Male) |
| 11:47 | Create | Villager (Male) |
| 12:15 | Age | Feudal Age |
| 12:20 | Build | Stone Wall |
| 12:39 | Build | Barracks |
| 12:41 | Create | Villager (Male) |
| 13:14 | Build | Blacksmith |
| 13:17 | Create | Villager (Male) |
| 13:40 | Create | Villager (Male) |
| 13:40 | Create | Villager (Male) |
| 13:51 | Build | Archery Range |
| 14:45 | Build | Fish Trap |
| 14:48 | Create | Villager (Male) |
| 14:55 | Research | Castle Age |
| 15:08 | Build | House |
| 15:12 | Build | House |
| 15:13 | Build | House |
| 15:29 | Create | Villager (Male) |
| 15:29 | Create | Villager (Male) |
| 15:57 | Build | Fish Trap |
| 16:05 | Build | Fish Trap |
| 16:19 | Research | Double-Bit Axe |
| 16:28 | Build | Fish Trap |
| 17:03 | Build | Fish Trap |
| 17:10 | Build | Fish Trap |
| 17:14 | Create | Villager (Male) |
| 17:35 | Age | Castle Age |
| 17:42 | Build | Town Center |
| 17:46 | Create | Villager (Male) |
| 18:04 | Create | Demolition Raft |
| 18:09 | Create | Demolition Raft |
| 18:11 | Create | Villager (Male) |
| 18:29 | Build | Town Center |
| 18:36 | Create | Villager (Male) |
| 18:43 | Create | Demolition Raft |
| 18:44 | Research | Tech 906 |
| 18:50 | Create | Demolition Raft |
| 18:51 | Create | Demolition Raft |
| 18:59 | Create | Fishing Ship |
| 19:00 | Create | Fishing Ship |
| 19:18 | Research | Horse Collar |
| 19:22 | Create | Villager (Male) |
| 19:22 | Create | Villager (Male) |
| 19:23 | Create | Villager (Male) |
| 19:23 | Create | Villager (Male) |
| 19:33 | Build | Farm |
| 19:35 | Build | Farm |
| 19:37 | Create | Villager (Male) |
| 19:53 | Build | Fish Trap |
| 19:56 | Create | Demolition Raft |
| 19:59 | Build | Farm |
| 20:00 | Create | Villager (Male) |
| 20:06 | Build | Farm |
| 20:07 | Build | Farm |
| 20:21 | Build | Farm |
| 20:22 | Create | Villager (Male) |
| 20:36 | Build | Fish Trap |
| 20:40 | Create | Villager (Male) |
| 20:40 | Create | Villager (Male) |
| 20:48 | Build | Farm |
| 21:03 | Build | Farm |
| 21:03 | Create | Villager (Male) |
| 21:04 | Create | Villager (Male) |
| 21:04 | Create | Villager (Male) |
| 21:04 | Create | Villager (Male) |
| 21:04 | Create | Villager (Male) |
| 21:08 | Build | Farm |
| 21:12 | Create | Villager (Male) |
| 21:17 | Build | Farm |
| 21:30 | Create | Villager (Male) |
| 21:30 | Create | Villager (Male) |
| 21:30 | Create | Villager (Male) |
| 21:33 | Build | Farm |
| 21:35 | Build | Farm |
| 21:40 | Build | Farm |
| 21:42 | Create | Villager (Male) |
| 21:46 | Create | Spearman |
| 21:46 | Create | Spearman |
| 21:47 | Create | Villager (Male) |
| 21:54 | Create | Villager (Male) |
| 21:54 | Create | Villager (Male) |
| 21:58 | Build | Farm |
| 22:00 | Build | Farm |
| 22:10 | Build | Farm |
| 22:12 | Build | Farm |
| 22:13 | Build | Farm |
| 22:18 | Build | Farm |
| 22:19 | Build | Farm |
| 22:20 | Create | Villager (Male) |
| 22:22 | Build | House |
| 22:23 | Build | House |
| 22:26 | Build | House |
| 22:28 | Research | Wheelbarrow |
| 22:33 | Research | Wheelbarrow |
| 22:40 | Research | Town Watch |
Build order — DonkeyShot
First 150 of 413 actions detected
| 0:01 | Create | Villager (Male) |
| 0:01 | Create | Villager (Male) |
| 0:02 | Build | House |
| 0:03 | Build | House |
| 0:12 | Create | Villager (Male) |
| 0:12 | Create | Villager (Male) |
| 0:12 | Create | Villager (Male) |
| 0:12 | Create | Villager (Male) |
| 1:22 | Research | Loom |
| 1:33 | Create | Villager (Male) |
| 2:03 | Create | Villager (Male) |
| 2:04 | Create | Villager (Male) |
| 2:04 | Create | Villager (Male) |
| 2:11 | Research | Loom |
| 2:21 | Create | Villager (Male) |
| 2:22 | Create | Villager (Male) |
| 2:49 | Create | Villager (Male) |
| 2:49 | Create | Villager (Male) |
| 3:06 | Create | Villager (Male) |
| 3:06 | Create | Villager (Male) |
| 3:37 | Build | House |
| 4:31 | Create | Villager (Male) |
| 4:31 | Create | Villager (Male) |
| 5:01 | Build | Palisade Wall |
| 5:03 | Build | Palisade Wall |
| 5:07 | Build | Palisade Wall |
| 5:10 | Build | Palisade Wall |
| 5:30 | Create | Villager (Male) |
| 5:32 | Create | Villager (Male) |
| 5:32 | Create | Villager (Male) |
| 5:55 | Build | Palisade Wall |
| 5:59 | Build | Palisade Wall |
| 6:10 | Build | Palisade Wall |
| 6:19 | Create | Villager (Male) |
| 6:46 | Create | Villager (Male) |
| 6:55 | Create | Villager (Male) |
| 6:55 | Create | Villager (Male) |
| 6:55 | Create | Villager (Male) |
| 6:59 | Build | Lumber Camp |
| 7:07 | Build | Palisade Wall |
| 7:25 | Create | Villager (Male) |
| 7:25 | Create | Villager (Male) |
| 7:26 | Create | Villager (Male) |
| 7:36 | Build | Palisade Wall |
| 7:55 | Build | House |
| 8:00 | Build | House |
| 8:01 | Build | Palisade Wall |
| 8:02 | Create | Villager (Male) |
| 8:22 | Create | Villager (Male) |
| 8:22 | Create | Villager (Male) |
| 9:10 | Create | Villager (Male) |
| 9:27 | Build | Dock |
| 9:32 | Create | Villager (Male) |
| 9:55 | Build | Palisade Wall |
| 9:56 | Create | Villager (Male) |
| 10:07 | Build | Dock |
| 10:27 | Create | Fishing Ship |
| 10:53 | Build | Mill |
| 10:59 | Create | Villager (Male) |
| 11:08 | Create | Fishing Ship |
| 11:20 | Research | Feudal Age |
| 11:49 | Build | Lumber Camp |
| 12:02 | Build | House |
| 12:34 | Build | House |
| 12:44 | Create | Villager (Male) |
| 12:51 | Create | Fishing Ship |
| 13:14 | Build | Dock |
| 13:20 | Create | Villager (Male) |
| 13:26 | Create | Fishing Ship |
| 13:29 | Create | Fishing Ship |
| 13:31 | Age | Feudal Age |
| 13:35 | Create | Villager (Male) |
| 13:49 | Create | Villager (Male) |
| 13:57 | Research | Double-Bit Axe |
| 13:57 | Research | Double-Bit Axe |
| 14:06 | Create | Unit 2626 |
| 14:14 | Create | Fishing Ship |
| 14:18 | Create | Fishing Ship |
| 14:20 | Create | Fishing Ship |
| 14:23 | Create | Villager (Male) |
| 14:31 | Build | Stone Wall |
| 14:43 | Research | Tech 906 |
| 14:48 | Build | Fish Trap |
| 14:53 | Build | Fish Trap |
| 14:59 | Build | Fish Trap |
| 15:04 | Build | Fish Trap |
| 15:12 | Create | Fishing Ship |
| 15:12 | Create | Fishing Ship |
| 15:12 | Create | Fishing Ship |
| 15:19 | Build | House |
| 15:35 | Create | Villager (Male) |
| 15:42 | Build | House |
| 16:00 | Build | Fish Trap |
| 16:04 | Build | Fish Trap |
| 16:06 | Create | Villager (Male) |
| 16:14 | Build | House |
| 16:45 | Build | Lumber Camp |
| 16:46 | Create | Villager (Male) |
| 16:48 | Create | Villager (Male) |
| 16:50 | Build | House |
| 16:53 | Create | Unit 2626 |
| 16:54 | Create | Unit 2626 |
| 16:56 | Create | Fishing Ship ×5 |
| 17:02 | Build | Fish Trap |
| 17:05 | Build | Fish Trap |
| 17:16 | Build | Fish Trap |
| 17:32 | Build | Blacksmith |
| 17:36 | Create | Villager (Male) |
| 17:40 | Build | Mining Camp |
| 17:49 | Build | Fish Trap |
| 17:55 | Create | Villager (Male) |
| 18:02 | Build | Fish Trap |
| 18:04 | Build | Fish Trap |
| 18:18 | Build | Mining Camp |
| 18:20 | Create | Villager (Male) |
| 18:27 | Build | Fish Trap |
| 18:32 | Build | Fish Trap |
| 18:47 | Create | Fishing Ship |
| 18:47 | Create | Fishing Ship |
| 18:48 | Create | Villager (Male) |
| 19:05 | Build | Market |
| 19:10 | Create | Villager (Male) |
| 19:11 | Create | Villager (Male) |
| 19:22 | Create | Fishing Ship |
| 19:22 | Create | Fishing Ship |
| 19:31 | Build | Fish Trap |
| 19:38 | Build | Fish Trap |
| 20:04 | Create | Fishing Ship ×3 |
| 20:05 | Create | Villager (Male) |
| 20:10 | Build | House |
| 20:23 | Research | Castle Age |
| 20:27 | Build | Fish Trap |
| 20:34 | Build | Fish Trap |
| 20:44 | Build | House |
| 20:45 | Build | House |
| 20:45 | Build | House |
| 20:48 | Build | House |
| 20:49 | Build | House |
| 20:49 | Build | House |
| 20:51 | Build | House |
| 20:51 | Build | House |
| 20:52 | Build | House |
| 20:52 | Build | House |
| 20:52 | Build | House |
| 20:59 | Research | Gold Mining |
| 21:00 | Research | Stone Mining |
| 21:09 | Create | Fishing Ship |
| 21:10 | Create | Fishing Ship |
| 21:21 | Build | Fish Trap |
| 21:23 | Build | Fish Trap |
Build order — opennetus
First 150 of 510 actions detected
| 0:01 | Create | Villager (Male) |
| 0:01 | Create | Villager (Male) |
| 0:02 | Build | House |
| 0:05 | Build | House |
| 0:24 | Create | Villager (Male) |
| 0:24 | Create | Villager (Male) |
| 0:24 | Create | Villager (Male) |
| 1:27 | Create | Villager (Male) |
| 1:50 | Build | Palisade Wall |
| 1:54 | Create | Villager (Male) |
| 2:28 | Build | Palisade Wall |
| 2:40 | Create | Villager (Male) |
| 2:48 | Research | Loom |
| 2:56 | Build | House |
| 3:09 | Create | Villager (Male) |
| 3:23 | Build | Lumber Camp |
| 3:31 | Create | Villager (Male) |
| 4:13 | Create | Villager (Male) |
| 4:14 | Create | Villager (Male) |
| 4:56 | Create | Villager (Male) |
| 5:34 | Create | Villager (Male) |
| 5:38 | Build | House |
| 5:44 | Create | Villager (Male) |
| 6:11 | Create | Villager (Male) |
| 6:29 | Build | House |
| 6:37 | Create | Villager (Male) |
| 7:12 | Build | House |
| 7:24 | Create | Villager (Male) |
| 7:24 | Create | Villager (Male) |
| 7:30 | Build | Mill |
| 7:48 | Build | House |
| 7:52 | Create | Villager (Male) |
| 7:52 | Create | Villager (Male) |
| 8:13 | Build | House |
| 8:14 | Build | House |
| 8:19 | Build | Palisade Wall |
| 8:20 | Build | Palisade Wall |
| 8:22 | Build | Palisade Wall |
| 8:30 | Create | Villager (Male) |
| 8:47 | Create | Villager (Male) |
| 9:04 | Create | Villager (Male) |
| 9:04 | Create | Villager (Male) |
| 9:22 | Build | Farm |
| 9:23 | Create | Villager (Male) |
| 9:40 | Build | Barracks |
| 10:08 | Create | Villager (Male) |
| 10:37 | Create | Villager (Male) |
| 10:49 | Build | Mining Camp |
| 10:55 | Create | Villager (Male) |
| 11:15 | Create | Villager (Male) |
| 11:32 | Research | Feudal Age |
| 11:48 | Build | House |
| 11:57 | Build | Mill |
| 12:30 | Build | Dock |
| 12:39 | Create | Villager (Male) |
| 12:44 | Build | House |
| 13:16 | Create | Fishing Ship |
| 13:28 | Create | Villager (Male) |
| 13:35 | Build | House |
| 13:38 | Build | House |
| 13:49 | Create | Fishing Ship |
| 13:57 | Age | Feudal Age |
| 14:01 | Build | Lumber Camp |
| 14:05 | Create | Villager (Male) |
| 14:08 | Research | Double-Bit Axe |
| 14:38 | Create | Villager (Male) |
| 14:50 | Build | Market |
| 14:57 | Create | Villager (Male) |
| 15:12 | Build | Blacksmith |
| 15:15 | Create | Villager (Male) |
| 15:21 | Research | Horse Collar |
| 15:23 | Build | Farm |
| 15:26 | Build | Farm |
| 15:40 | Build | Farm |
| 16:05 | Create | Villager (Male) |
| 16:12 | Build | Farm |
| 16:14 | Create | Villager (Male) |
| 16:15 | Build | Farm |
| 16:19 | Build | Farm |
| 16:24 | Build | Farm |
| 16:34 | Create | Villager (Male) |
| 16:54 | Build | Barracks |
| 17:04 | Build | Archery Range |
| 17:06 | Create | Villager (Male) |
| 17:12 | Build | Farm |
| 17:13 | Create | Villager (Male) |
| 17:26 | Build | Mill |
| 17:43 | Research | Castle Age |
| 18:29 | Build | Archery Range |
| 18:49 | Build | Farm |
| 18:53 | Build | Farm |
| 19:22 | Build | Archery Range |
| 19:39 | Build | Farm |
| 19:42 | Build | Farm |
| 19:44 | Build | Farm |
| 19:47 | Build | Farm |
| 20:03 | Create | Fishing Ship |
| 20:23 | Age | Castle Age |
| 20:25 | Research | Heavy Plow |
| 20:38 | Build | University |
| 20:40 | Create | Villager (Male) |
| 20:51 | Build | Town Center |
| 20:53 | Create | Villager (Male) |
| 20:54 | Create | Villager (Male) |
| 21:17 | Create | Villager (Male) |
| 21:27 | Create | Villager (Male) |
| 21:33 | Create | Villager (Male) |
| 21:55 | Create | Villager (Male) |
| 22:05 | Build | Town Center |
| 22:23 | Research | Chemistry |
| 22:53 | Build | Barracks |
| 22:56 | Create | Spearman |
| 22:56 | Create | Spearman |
| 22:57 | Create | Spearman |
| 23:19 | Create | Villager (Male) |
| 23:24 | Research | Pikeman (upgrade) |
| 23:32 | Build | Barracks |
| 23:36 | Research | Squires |
| 23:49 | Create | Villager (Male) |
| 23:52 | Build | Farm |
| 23:53 | Create | Villager (Male) |
| 23:53 | Create | Villager (Male) |
| 24:00 | Create | Villager (Male) |
| 24:00 | Create | Villager (Male) |
| 24:02 | Create | Villager (Male) |
| 24:10 | Create | Villager (Male) |
| 24:11 | Create | Villager (Male) |
| 24:13 | Create | Villager (Male) |
| 24:20 | Build | Barracks |
| 24:23 | Create | Hand Cannoneer |
| 24:23 | Create | Hand Cannoneer ×5 |
| 24:24 | Create | Hand Cannoneer ×5 |
| 24:24 | Create | Hand Cannoneer ×3 |
| 24:30 | Create | Spearman |
| 24:30 | Create | Spearman |
| 24:30 | Create | Spearman |
| 24:31 | Create | Spearman |
| 24:44 | Create | Hand Cannoneer |
| 24:45 | Create | Hand Cannoneer |
| 24:45 | Create | Hand Cannoneer |
| 24:45 | Create | Hand Cannoneer |
| 24:59 | Create | Hand Cannoneer |
| 24:59 | Create | Hand Cannoneer |
| 25:08 | Research | Forging |
| 25:11 | Create | Hand Cannoneer |
| 25:12 | Create | Hand Cannoneer |
| 25:21 | Create | Villager (Male) |
| 25:22 | Create | Villager (Male) |
| 25:26 | Create | Villager (Male) |
| 25:32 | Build | Farm |
Build order — Aurelian
First 150 of 390 actions detected
| 0:00 | Create | Villager (Male) |
| 0:01 | Create | Villager (Male) |
| 0:02 | Build | House |
| 0:04 | Build | House |
| 0:17 | Create | Villager (Male) |
| 0:29 | Research | Loom |
| 0:41 | Create | Villager (Male) |
| 0:59 | Build | Palisade Wall |
| 1:19 | Create | Villager (Male) |
| 1:43 | Build | Lumber Camp |
| 1:46 | Create | Villager (Male) |
| 2:25 | Create | Villager (Male) |
| 2:58 | Create | Villager (Male) |
| 3:21 | Create | Villager (Male) |
| 3:45 | Build | House |
| 3:49 | Create | Villager (Male) |
| 4:19 | Create | Villager (Male) |
| 4:44 | Create | Villager (Male) |
| 5:06 | Create | Villager (Male) |
| 5:38 | Create | Villager (Male) |
| 6:03 | Create | Villager (Male) |
| 6:22 | Create | Villager (Male) |
| 6:33 | Build | House |
| 6:48 | Create | Villager (Male) |
| 7:18 | Create | Villager (Male) |
| 7:37 | Build | Mill |
| 7:46 | Create | Villager (Male) |
| 8:00 | Build | Mill |
| 8:07 | Create | Villager (Male) |
| 8:17 | Create | Villager (Male) |
| 8:39 | Create | Villager (Male) |
| 8:58 | Build | Mining Camp |
| 9:07 | Research | Feudal Age |
| 9:43 | Build | House |
| 11:02 | Create | Villager (Male) |
| 11:02 | Create | Villager (Male) |
| 11:36 | Age | Feudal Age |
| 11:43 | Build | Market |
| 11:49 | Build | Blacksmith |
| 12:15 | Build | Lumber Camp |
| 12:22 | Build | House |
| 12:23 | Build | House |
| 12:28 | Build | House |
| 12:30 | Create | Villager (Male) |
| 12:53 | Build | Watch Tower |
| 13:05 | Research | Castle Age |
| 13:32 | Research | Double-Bit Axe |
| 15:04 | Research | Horse Collar |
| 15:38 | Create | Villager (Male) |
| 15:38 | Create | Villager (Male) |
| 15:45 | Age | Castle Age |
| 15:47 | Build | Siege Workshop |
| 15:53 | Build | Monastery |
| 15:59 | Build | Farm |
| 16:00 | Build | Farm |
| 16:00 | Build | Farm |
| 16:00 | Build | Farm |
| 16:03 | Build | Farm |
| 16:13 | Create | Villager (Male) |
| 16:18 | Build | Farm |
| 16:26 | Create | Armored Elephant |
| 16:31 | Create | Monk |
| 16:43 | Create | Villager (Male) |
| 16:53 | Build | House |
| 16:59 | Create | Monk |
| 17:03 | Create | Mangonel |
| 17:34 | Create | Villager (Male) |
| 17:36 | Create | Villager (Male) |
| 17:36 | Create | Villager (Male) |
| 17:56 | Create | Monk |
| 18:08 | Create | Villager (Male) |
| 18:17 | Create | Monk |
| 18:20 | Create | Villager (Male) |
| 18:23 | Create | Armored Elephant |
| 18:46 | Create | Villager (Male) |
| 18:55 | Build | House |
| 19:01 | Create | Monk |
| 19:51 | Create | Villager (Male) |
| 19:56 | Create | Scorpion |
| 20:07 | Build | House |
| 20:09 | Build | House |
| 20:13 | Build | Farm |
| 20:13 | Build | Farm |
| 20:13 | Build | Farm |
| 20:13 | Build | Farm |
| 20:14 | Build | Farm |
| 20:14 | Build | Farm |
| 20:18 | Research | Bow Saw |
| 20:42 | Build | Palisade Gate |
| 20:44 | Build | Palisade Wall |
| 21:03 | Create | Villager (Male) |
| 21:03 | Create | Villager (Male) |
| 21:14 | Build | Farm |
| 21:14 | Build | Farm |
| 21:14 | Build | Farm |
| 21:15 | Build | Farm |
| 21:15 | Build | Farm |
| 21:20 | Research | Sanctity |
| 21:40 | Create | Monk |
| 22:06 | Create | Villager (Male) |
| 22:07 | Create | Villager (Male) |
| 22:07 | Create | Villager (Male) |
| 22:07 | Create | Villager (Male) |
| 22:31 | Research | Redemption |
| 23:39 | Build | House |
| 23:39 | Build | House |
| 23:40 | Build | House |
| 23:40 | Build | House |
| 23:40 | Build | House |
| 23:43 | Create | Villager (Male) |
| 24:20 | Build | Barracks |
| 24:23 | Create | Mangonel |
| 25:13 | Create | Spearman |
| 25:13 | Create | Spearman |
| 25:14 | Create | Spearman |
| 25:15 | Create | Villager (Male) |
| 25:15 | Create | Villager (Male) |
| 25:19 | Build | Siege Workshop |
| 25:49 | Create | Villager (Male) |
| 25:49 | Create | Villager (Male) |
| 26:12 | Build | Stone Wall |
| 26:26 | Build | Town Center |
| 26:51 | Build | Town Center |
| 26:55 | Create | Villager (Male) |
| 26:55 | Create | Villager (Male) |
| 26:57 | Research | Wheelbarrow |
| 26:59 | Research | Heavy Plow |
| 27:31 | Create | Villager (Male) |
| 27:48 | Build | Town Center |
| 27:50 | Create | Villager (Male) |
| 28:04 | Build | Stone Wall |
| 28:08 | Create | Villager (Male) |
| 28:09 | Create | Villager (Male) |
| 28:10 | Create | Villager (Male) |
| 28:18 | Create | Villager (Male) |
| 28:18 | Create | Villager (Male) |
| 28:25 | Build | Lumber Camp |
| 28:28 | Create | Villager (Male) |
| 28:28 | Create | Villager (Male) |
| 28:34 | Build | Farm |
| 28:34 | Build | Farm |
| 28:34 | Build | Farm |
| 28:34 | Build | Farm |
| 28:35 | Build | Farm |
| 28:35 | Build | Farm |
| 28:44 | Build | Farm |
| 29:10 | Create | Villager (Male) |
| 29:10 | Create | Villager (Male) |
| 29:25 | Create | Villager (Male) |
| 29:26 | Create | Villager (Male) |
Build order — Mr.Kos
First 150 of 441 actions detected
| 0:01 | Create | Villager (Male) |
| 0:01 | Create | Villager (Male) |
| 0:02 | Create | Villager (Male) |
| 0:02 | Create | Villager (Male) |
| 0:02 | Create | Villager (Male) |
| 0:03 | Build | House |
| 0:04 | Build | House |
| 0:36 | Research | Loom |
| 1:27 | Build | Palisade Wall |
| 1:42 | Build | Palisade Wall |
| 1:52 | Build | Palisade Wall |
| 1:53 | Create | Villager (Male) |
| 2:48 | Create | Villager (Male) |
| 3:27 | Create | Villager (Male) |
| 3:28 | Build | House |
| 3:52 | Create | Villager (Male) |
| 4:25 | Create | Villager (Male) |
| 4:25 | Create | Villager (Male) |
| 4:41 | Create | Villager (Male) |
| 5:05 | Build | Lumber Camp |
| 5:06 | Create | Villager (Male) |
| 5:39 | Create | Villager (Male) |
| 5:39 | Create | Villager (Male) |
| 6:03 | Create | Villager (Male) |
| 6:04 | Create | Villager (Male) |
| 6:29 | Create | Villager (Male) |
| 6:55 | Build | House |
| 7:01 | Create | Villager (Male) |
| 7:01 | Create | Villager (Male) |
| 7:02 | Create | Villager (Male) |
| 7:02 | Create | Villager (Male) |
| 7:56 | Create | Villager (Male) |
| 8:22 | Build | Lumber Camp |
| 8:30 | Create | Villager (Male) |
| 8:30 | Create | Villager (Male) |
| 9:00 | Create | Villager (Male) |
| 9:46 | Build | House |
| 10:06 | Build | Mining Camp |
| 10:08 | Create | Villager (Male) |
| 10:44 | Research | Feudal Age |
| 10:57 | Build | House |
| 10:59 | Build | House |
| 11:10 | Build | Palisade Wall |
| 11:21 | Build | Mill |
| 11:55 | Create | Villager (Male) |
| 11:55 | Create | Villager (Male) |
| 12:02 | Build | Mill |
| 12:54 | Age | Feudal Age |
| 12:58 | Build | Market |
| 13:19 | Build | Blacksmith |
| 13:55 | Research | Castle Age |
| 14:10 | Build | House |
| 14:12 | Build | House |
| 14:14 | Build | House |
| 14:29 | Research | Double-Bit Axe |
| 14:51 | Research | Horse Collar |
| 15:17 | Build | Palisade Wall |
| 15:24 | Research | Wheelbarrow |
| 16:35 | Age | Castle Age |
| 16:38 | Research | Heavy Plow |
| 16:45 | Build | Town Center |
| 17:24 | Create | Villager (Male) |
| 17:34 | Build | Town Center |
| 18:00 | Create | Villager (Male) |
| 18:21 | Build | Farm |
| 18:27 | Build | Farm |
| 18:27 | Build | Farm |
| 18:27 | Build | Farm |
| 18:28 | Build | Farm |
| 18:28 | Build | Farm |
| 18:34 | Create | Villager (Male) |
| 18:39 | Build | Farm |
| 18:42 | Build | Farm |
| 18:42 | Build | Farm |
| 18:43 | Build | Farm |
| 18:47 | Build | Farm |
| 18:48 | Create | Villager (Male) |
| 19:09 | Build | Stone Wall |
| 19:13 | Build | Stone Wall |
| 19:16 | Build | Stone Wall |
| 19:23 | Create | Villager (Male) |
| 19:23 | Create | Villager (Male) |
| 19:39 | Build | Dock |
| 19:42 | Create | Villager (Male) |
| 19:47 | Create | Villager (Male) |
| 19:47 | Create | Villager (Male) |
| 19:56 | Create | Villager (Male) |
| 20:06 | Build | Siege Workshop |
| 20:07 | Create | Villager (Male) |
| 20:08 | Create | Villager (Male) |
| 20:20 | Create | Villager (Male) |
| 20:27 | Create | Demolition Raft |
| 20:32 | Create | Demolition Raft |
| 20:38 | Create | Fishing Ship |
| 20:38 | Create | Villager (Male) |
| 20:39 | Create | Villager (Male) |
| 20:39 | Create | Villager (Male) |
| 20:40 | Create | Villager (Male) |
| 20:48 | Build | Stone Wall |
| 20:54 | Build | Stone Wall |
| 20:57 | Build | Stone Wall |
| 21:01 | Build | Stone Wall |
| 21:03 | Build | Stone Wall |
| 21:04 | Create | Villager (Male) |
| 21:11 | Create | Villager (Male) |
| 21:12 | Create | Villager (Male) |
| 21:13 | Create | Villager (Male) |
| 21:14 | Create | Villager (Male) |
| 21:14 | Create | Villager (Male) |
| 21:16 | Create | Mangonel |
| 21:18 | Create | Villager (Male) |
| 21:33 | Create | Villager (Male) |
| 21:33 | Create | Villager (Male) |
| 21:35 | Build | Farm |
| 22:05 | Research | Bow Saw |
| 22:05 | Research | Bow Saw |
| 22:11 | Create | Villager (Male) |
| 22:11 | Create | Villager (Male) |
| 22:13 | Create | Demolition Raft |
| 22:14 | Create | Demolition Raft |
| 22:17 | Create | Fishing Ship |
| 22:30 | Build | Lumber Camp |
| 22:38 | Build | Lumber Camp |
| 22:39 | Create | Villager (Male) |
| 22:40 | Create | Villager (Male) |
| 22:40 | Create | Villager (Male) |
| 22:41 | Create | Villager (Male) |
| 22:43 | Create | Villager (Male) |
| 22:43 | Create | Villager (Male) |
| 22:48 | Build | Farm |
| 22:49 | Build | Farm |
| 22:49 | Build | Farm |
| 22:49 | Build | Farm |
| 22:51 | Build | Farm |
| 22:53 | Build | Farm |
| 22:54 | Build | Farm |
| 22:58 | Create | Villager (Male) |
| 23:02 | Build | Farm |
| 23:03 | Create | Villager (Male) |
| 23:18 | Create | Villager (Male) |
| 23:18 | Create | Villager (Male) |
| 23:25 | Create | Mangonel |
| 23:29 | Build | House |
| 23:31 | Build | House |
| 23:32 | Build | House |
| 23:32 | Build | House |
| 23:32 | Build | House |
| 23:32 | Build | House |
| 23:33 | Create | Villager (Male) |
| 23:34 | Create | Villager (Male) |
Build order — 12014665
First 150 of 374 actions detected
| 0:04 | Create | Villager (Male) |
| 0:04 | Create | Villager (Male) |
| 0:04 | Create | Villager (Male) |
| 0:04 | Create | Villager (Male) |
| 0:05 | Build | House |
| 0:08 | Build | House |
| 1:35 | Create | Villager (Male) |
| 1:35 | Create | Villager (Male) |
| 2:01 | Create | Villager (Male) |
| 2:01 | Create | Villager (Male) |
| 2:32 | Research | Loom |
| 2:32 | Research | Loom |
| 2:50 | Create | Villager (Male) |
| 2:50 | Create | Villager (Male) |
| 2:59 | Build | Palisade Wall |
| 3:14 | Create | Villager (Male) |
| 3:14 | Create | Villager (Male) |
| 3:32 | Build | House |
| 3:34 | Build | House |
| 3:48 | Create | Villager (Male) |
| 3:49 | Create | Villager (Male) |
| 3:49 | Create | Villager (Male) |
| 4:21 | Create | Villager (Male) |
| 4:22 | Create | Villager (Male) |
| 4:35 | Build | House |
| 5:07 | Create | Villager (Male) |
| 5:07 | Create | Villager (Male) |
| 5:41 | Build | Lumber Camp |
| 5:44 | Create | Villager (Male) |
| 5:44 | Create | Villager (Male) |
| 6:30 | Create | Villager (Male) |
| 6:31 | Create | Villager (Male) |
| 7:03 | Create | Villager (Male) |
| 7:03 | Create | Villager (Male) |
| 7:15 | Build | Mill |
| 7:50 | Create | Villager (Male) |
| 8:26 | Create | Villager (Male) |
| 8:51 | Create | Villager (Male) |
| 8:59 | Build | Mining Camp |
| 9:05 | Create | Villager (Male) |
| 9:47 | Research | Feudal Age |
| 9:51 | Build | Barracks |
| 10:29 | Create | Militia |
| 10:29 | Create | Militia |
| 10:35 | Build | House |
| 10:36 | Build | House |
| 10:59 | Create | Militia |
| 11:34 | Create | Militia |
| 11:48 | Build | House |
| 11:55 | Create | Villager (Male) |
| 11:55 | Create | Villager (Male) |
| 11:57 | Age | Feudal Age |
| 12:01 | Research | Man-at-Arms (upgrade) |
| 12:01 | Research | Man-at-Arms (upgrade) |
| 12:49 | Create | Villager (Male) |
| 12:49 | Create | Villager (Male) |
| 12:52 | Build | Farm |
| 12:54 | Build | Farm |
| 13:09 | Build | Archery Range |
| 13:27 | Create | Villager (Male) |
| 13:30 | Build | Farm |
| 13:31 | Build | Farm |
| 13:45 | Create | Villager (Male) |
| 13:48 | Build | Farm |
| 14:05 | Create | Archer |
| 14:11 | Build | Gate |
| 14:15 | Create | Villager (Male) |
| 14:51 | Create | Villager (Male) |
| 14:59 | Build | Lumber Camp |
| 15:03 | Create | Villager (Male) |
| 15:03 | Create | Villager (Male) |
| 15:40 | Build | Farm |
| 15:51 | Build | Mining Camp |
| 16:20 | Build | Stone Wall |
| 16:24 | Create | Villager (Male) |
| 16:33 | Build | Market |
| 16:37 | Create | Villager (Male) |
| 16:39 | Build | Farm |
| 17:33 | Build | Blacksmith |
| 17:55 | Research | Castle Age |
| 17:55 | Research | Castle Age |
| 18:02 | Build | Watch Tower |
| 18:45 | Create | Archer |
| 18:46 | Create | Archer |
| 19:13 | Research | Fletching |
| 19:13 | Research | Fletching |
| 20:19 | Build | Stable |
| 20:35 | Age | Castle Age |
| 20:40 | Build | House |
| 20:42 | Build | House |
| 20:45 | Create | Villager (Male) |
| 20:48 | Build | Town Center |
| 20:53 | Build | Siege Workshop |
| 20:57 | Create | Scout Cavalry |
| 20:58 | Create | Scout Cavalry |
| 21:02 | Research | Forging |
| 21:02 | Research | Forging |
| 21:04 | Create | Villager (Male) |
| 21:05 | Create | Villager (Male) |
| 21:07 | Build | Farm |
| 21:09 | Build | Farm |
| 21:10 | Build | Farm |
| 21:25 | Create | Mangonel |
| 21:26 | Create | Mangonel |
| 21:41 | Build | Mining Camp |
| 21:44 | Create | Villager (Male) |
| 21:53 | Build | Stable |
| 22:23 | Create | Villager (Male) |
| 22:36 | Build | House |
| 22:37 | Build | House |
| 22:46 | Create | Scout Cavalry |
| 22:46 | Create | Scout Cavalry |
| 22:50 | Build | Farm |
| 23:05 | Create | Scout Cavalry |
| 23:07 | Create | Villager (Male) |
| 23:07 | Create | Villager (Male) |
| 23:35 | Build | Farm |
| 23:36 | Build | Farm |
| 24:01 | Create | Villager (Male) |
| 24:12 | Create | Scout Cavalry |
| 24:12 | Create | Scout Cavalry |
| 24:21 | Create | Villager (Male) |
| 24:40 | Build | Siege Workshop |
| 24:42 | Create | Villager (Male) |
| 24:42 | Create | Villager (Male) |
| 25:17 | Create | Villager (Male) |
| 25:23 | Create | Mangonel |
| 25:23 | Create | Mangonel |
| 25:51 | Create | Villager (Male) |
| 25:51 | Create | Villager (Male) |
| 26:00 | Create | Villager (Male) |
| 26:24 | Create | Scout Cavalry |
| 26:55 | Create | Villager (Male) |
| 26:57 | Create | Villager (Male) |
| 26:57 | Create | Villager (Male) |
| 27:02 | Create | Villager (Male) |
| 27:28 | Create | Villager (Male) |
| 27:28 | Create | Villager (Male) |
| 27:31 | Build | Farm |
| 27:33 | Build | Farm |
| 27:37 | Create | Villager (Male) |
| 27:37 | Create | Villager (Male) |
| 27:52 | Create | Villager (Male) |
| 27:56 | Create | Scorpion |
| 28:02 | Create | Villager (Male) |
| 28:02 | Create | Villager (Male) |
| 28:15 | Build | Stone Wall |
| 28:26 | Create | Villager (Male) |
| 28:33 | Build | Town Center |
| 28:37 | Create | Villager (Male) |
Match timeline
| 0:59 | Aurelian · wall_segment Palisade Wall x7 |
| 1:27 | Mr.Kos · wall_segment Palisade Wall x4 |
| 1:42 | Mr.Kos · wall_segment Palisade Wall x10 |
| 1:50 | opennetus · wall_segment Palisade Wall x9 |
| 1:52 | Mr.Kos · wall_segment Palisade Wall x11 |
| 1:53 | [RöBïN] · wall_segment Palisade Wall x9 |
| 2:28 | opennetus · wall_segment Palisade Wall x12 |
| 2:28 | [RöBïN] · wall_segment Palisade Wall x10 |
| 2:59 | 12014665 · wall_segment Palisade Wall x9 |
| 3:23 | [RöBïN] · wall_segment Palisade Wall x1 |
| 5:01 | DonkeyShot · wall_segment Palisade Wall x1 |
| 5:03 | DonkeyShot · wall_segment Palisade Wall x1 |
| 5:07 | DonkeyShot · wall_segment Palisade Wall x1 |
| 5:10 | DonkeyShot · wall_segment Palisade Wall x1 |
| 5:55 | DonkeyShot · wall_segment Palisade Wall x1 |
| 5:59 | DonkeyShot · wall_segment Palisade Wall x1 |
| 6:10 | DonkeyShot · wall_segment Palisade Wall x1 |
| 7:07 | DonkeyShot · wall_segment Palisade Wall x6 |
| 7:19 | [RöBïN] · first_building Dock |
| 7:36 | DonkeyShot · wall_segment Palisade Wall x6 |
| 8:01 | DonkeyShot · wall_segment Palisade Wall x1 |
| 8:19 | opennetus · wall_segment Palisade Wall x1 |
| 8:20 | opennetus · wall_segment Palisade Wall x1 |
| 8:22 | opennetus · wall_segment Palisade Wall x1 |
| 9:27 | DonkeyShot · first_building Dock |
| 9:40 | opennetus · first_building Barracks |
| 9:51 | 12014665 · first_building Barracks |
| 9:55 | DonkeyShot · wall_segment Palisade Wall x10 |
| 11:10 | Mr.Kos · wall_segment Palisade Wall x1 |
| 11:36 | Aurelian · age_up feudal |
| 11:57 | 12014665 · age_up feudal |
| 12:15 | [RöBïN] · age_up feudal |
| 12:20 | [RöBïN] · wall_segment Stone Wall x11 |
| 12:30 | opennetus · first_building Dock |
| 12:39 | [RöBïN] · first_building Barracks |
| 12:54 | Mr.Kos · age_up feudal |
| 13:09 | 12014665 · first_building Archery Range |
| 13:31 | DonkeyShot · age_up feudal |
| 13:51 | [RöBïN] · first_building Archery Range |
| 13:57 | opennetus · age_up feudal |
| 14:31 | DonkeyShot · wall_segment Stone Wall x12 |
| 15:17 | Mr.Kos · wall_segment Palisade Wall x1 |
| 15:45 | Aurelian · age_up castle |
| 15:47 | Aurelian · first_building Siege Workshop |
| 15:53 | Aurelian · first_building Monastery |
| 16:20 | 12014665 · wall_segment Stone Wall x4 |
| 16:35 | Mr.Kos · age_up castle |
| 17:04 | opennetus · first_building Archery Range |
| 17:35 | [RöBïN] · age_up castle |
| 17:50 | 12014665 · first_market_buy 100 food |
| 17:52 | Mr.Kos · first_market_buy 100 food |
| 19:09 | Mr.Kos · wall_segment Stone Wall x4 |
| 19:13 | Mr.Kos · wall_segment Stone Wall x6 |
| 19:16 | Mr.Kos · wall_segment Stone Wall x4 |
| 19:39 | Mr.Kos · first_building Dock |
| 20:06 | Mr.Kos · first_building Siege Workshop |
| 20:19 | 12014665 · first_building Stable |
| 20:21 | DonkeyShot · first_market_sell 100 wood |
| 20:23 | opennetus · age_up castle |
| 20:35 | 12014665 · age_up castle |
| 20:44 | Aurelian · wall_segment Palisade Wall x2 |
| 20:48 | Mr.Kos · wall_segment Stone Wall x4 |
| 20:53 | 12014665 · first_building Siege Workshop |
| 20:54 | Mr.Kos · wall_segment Stone Wall x3 |
| 20:57 | Mr.Kos · wall_segment Stone Wall x2 |
| 21:01 | Mr.Kos · wall_segment Stone Wall x8 |
| 21:03 | Mr.Kos · wall_segment Stone Wall x2 |
| 22:24 | Aurelian · first_market_sell 500 wood |
| 23:12 | DonkeyShot · age_up castle |
| 23:47 | Mr.Kos · wall_segment Stone Wall x3 |
| 23:55 | [RöBïN] · first_building Siege Workshop |
| 23:58 | DonkeyShot · first_market_buy 100 stone |
| 24:20 | Aurelian · first_building Barracks |
| 24:48 | Mr.Kos · wall_segment Stone Wall x7 |
| 24:55 | Mr.Kos · first_building Monastery |
| 25:02 | DonkeyShot · first_building Monastery |
| 25:04 | Mr.Kos · first_building Barracks |
| 26:12 | Aurelian · wall_segment Stone Wall x9 |
| 26:19 | Aurelian · first_market_buy 100 stone |
| 26:20 | Mr.Kos · first_building Archery Range |
| 27:07 | opennetus · first_market_buy 100 food |
| 27:09 | Mr.Kos · first_building Castle |
| 27:52 | opennetus · first_building Monastery |
| 28:04 | Aurelian · wall_segment Stone Wall x8 |
| 28:15 | 12014665 · wall_segment Stone Wall x16 |
| 28:22 | [RöBïN] · first_building Castle |
| 28:25 | opennetus · first_building Castle |
| 29:01 | DonkeyShot · first_building Barracks |
| 29:10 | [RöBïN] · first_building Monastery |
| 29:16 | 12014665 · first_building Monastery |
| 29:52 | DonkeyShot · first_building Stable |
| 29:56 | Mr.Kos · first_market_sell 100 food |
| 30:47 | DonkeyShot · first_building Castle |
| 31:43 | Aurelian · wall_segment Stone Wall x12 |
| 31:55 | Aurelian · wall_segment Stone Wall x8 |
| 32:14 | 12014665 · first_building Castle |
| 32:31 | DonkeyShot · first_building Siege Workshop |
| 32:38 | Mr.Kos · wall_segment Stone Wall x5 |
| 33:07 | [RöBïN] · age_up imperial |
| 33:10 | Aurelian · first_building Archery Range |
| 33:18 | Mr.Kos · age_up imperial |
| 33:25 | Aurelian · first_building Stable |
| 36:13 | DonkeyShot · age_up imperial |
| 37:18 | Aurelian · age_up imperial |
| 37:21 | opennetus · age_up imperial |
| 38:31 | opennetus · first_building Siege Workshop |
| 38:41 | [RöBïN] · wall_segment Stone Wall x2 |
| 38:54 | 12014665 · age_up imperial |
| 42:33 | Aurelian · first_building Castle |
| 43:16 | DonkeyShot · first_building Archery Range |
| 44:46 | [RöBïN] · wall_segment Stone Wall x6 |
| 45:31 | 12014665 · resign |
| 47:01 | Mr.Kos · first_building Stable |
[ AI ANALYSIS · 1 CREDIT ]
What really happened in this match?
Wolo.gg analyzes every decision: build order, eco, micro, common mistakes by bracket. Personalized analysis on WhatsApp or Discord in 30 seconds.
Civ guide
Ethiopians
Perfil
Jugador #2546972